 Dungeon Crawl Stone Soup version 0.23-a0-839-g6d2b917 (webtiles) character file.

195949 Kavrick the Warrior (level 18, 123/123 HPs)
             Began as a Gargoyle Fighter on Jan 25, 2019.
             Was the Champion of Okawaru.
             Quit the game on level 4 of the Snake Pit on Apr 25, 2019.
             The game lasted 01:21:02 (30215 turns).

Kavrick the Warrior (Gargoyle Fighter)             Turns: 30215, Time: 01:21:03

Health: 123/123    AC: 39    Str: 34    XL:     18   Next: 35%
Magic:  21/21      EV: 16    Int: 13    God:    Okawaru [******]
Gold:   1066       SH: 18    Dex: 20    Spells: 17/17 levels left

rFire    + . .     SeeInvis .   U - +5 eveningstar (holy)
rCold    . . .     Gourm    .   e - +2 shield
rNeg     + + +     Faith    .   P - +4 chain mail {MR+}
rPois    ∞         Spirit   .   E - +0 helmet {Int+3}
rElec    +         Reflect  .   G - +0 cloak {rPois}
rCorr    .         Harm     .   t - +0 pair of gloves
MR       ++...                  K - +1 pair of boots {run}
Stlth    ..........             Q - amulet "Tautz" {+Inv rElec rF+ Regen+ Str+4}
HPRegen  0.70/turn              y - ring "Nabrixan" {rN+ Str+3 Dex+5}
MPRegen  0.17/turn              i - ring "Caschott" {+Inv rN+ Dex+6}

@: quick
A: big wings, negative energy resistance 1, electricity resistance, unbreathing,
petrification resistance, rot immunity, AC +13
}: 1/15 runes: serpentine
a: Fly, Heroism, Finesse, Renounce Religion, Evoke Invisibility


You were on level 4 of the Snake Pit.
You worshipped Okawaru.
Okawaru was exalted by your worship.
You were not hungry.

You visited 5 branches of the dungeon, and saw 26 of its levels.
You also visited: Bailey.

You collected 2793 gold pieces.
You spent 1727 gold pieces at shops.

Inventory:

Hand Weapons
 r - the +2 flail of the Open Hand {flame, rPois rC- Str-2 Int+8}
   (You found it on level 13 of the Dungeon)

   It has been specially enchanted to burn those struck by it, causing extra
   injury to most foes and up to half again as much damage against particularly
   susceptible opponents.
   It affects your strength (-2).
   It affects your intelligence (+8).
   It makes you vulnerable to cold.
   It protects you from poison.
 C - a +6 demon whip
 H - a +2 morningstar of freezing
 T - a +1 triple sword of protection
 U - a +5 eveningstar of holy wrath (weapon)
Armour
 e - a +2 shield (worn)
 j - the +1 ring mail "Muphiff" {rF+}
   (Okawaru gifted it to you on level 13 of the Dungeon)

   It protects you from fire.
 t - a +0 pair of gloves (worn)
 z - +2 ice dragon scales
 E - a +0 helmet of intelligence (worn)
 G - a +0 cloak of poison resistance (worn)
 K - a +1 pair of boots of running (worn)
 P - a +4 chain mail of magic resistance (worn)
Jewellery
 i - the ring "Caschott" (right hand) {+Inv rN+ Dex+6}
   (You acquired it on level 12 of the Dungeon)

   [ring of positive energy]

   It affects your dexterity (+6).
   It protects you from negative energy.
   It lets you turn invisible.
 s - an uncursed ring of fire {unknown}
 x - an uncursed ring of protection from magic {unknown}
 y - the ring "Nabrixan" (left hand) {rN+ Str+3 Dex+5}
   (You bought it in a shop on level 1 of the Orcish Mines)

   [ring of positive energy]

   It affects your strength (+3).
   It affects your dexterity (+5).
   It protects you from negative energy.
 Q - the amulet "Tautz" (around neck) {+Inv rElec rF+ Regen+ Str+4}
   (You bought it in a shop on level 2 of the Snake Pit)

   [amulet of regeneration]

   It affects your strength (+4).
   It protects you from fire.
   It insulates you from electricity.
   It lets you turn invisible.
   It increases your rate of regeneration.
Wands
 d - a wand of digging (4)
 m - a wand of disintegration (16)
 I - a wand of flame (40)
 N - a wand of acid (12)
Scrolls
 a - a scroll of silence {unknown}
 b - 7 scrolls of fear
 l - 7 scrolls of magic mapping
 n - 2 scrolls of blinking
 q - 13 scrolls of teleportation
 u - 9 scrolls of identify
 v - 15 scrolls of remove curse
 B - 2 scrolls of amnesia
 L - a scroll of random uselessness {unknown}
 O - a scroll of summoning {unknown}
Potions
 c - 2 potions of berserk rage
 g - 13 potions of curing
 h - a potion of brilliance {unknown}
 k - 3 potions of cancellation
 o - 6 potions of ambrosia
 p - a potion of heal wounds
 w - 3 potions of mutation
 A - 4 potions of resistance
 D - 2 potions of might
 F - 3 potions of invisibility
 J - 3 potions of magic
 M - a potion of agility
 R - a potion of flight {unknown}
Comestibles
 f - 40 rations
 S - 2 chunks of flesh


   Skills:
 + Level 17.0 Fighting
 + Level 15.7 Maces & Flails
 + Level 17.0 Armour
 + Level 8.5 Dodging
 - Level 15.0 Shields
 - Level 5.0 Invocations


You had 17 spell levels left.
You didn't know any spells.
Your spell library contained the following spells:

 Spells                   Type           Power        Failure   Level  Hunger
 Infusion                 Chrm           #...         63%         1    ##.....
 Shroud of Golubria       Chrm/Tloc      #.........   77%         2    ###....
 Song of Slaying          Chrm           #.......     77%         2    ###....
 Regeneration             Chrm/Necr      #.........   94%         3    ####...
 Spectral Weapon          Hex/Chrm       #.......     94%         3    ####...
 Leda's Liquefaction      Hex/Erth       #.........   100%        4    #####..
 Bolt of Magma            Conj/Fire/Erth #.........   100%        5    ######.
 Dispel Undead            Necr           #.......     100%        5    ######.
 Summon Mana Viper        Hex/Summ       #.......     100%        5    ######.
 Iron Shot                Conj/Erth      #.........   100%        6    #######
 Spellforged Servitor     Conj/Summ      #.........   100%        7    #######
 Shatter                  Erth           #.........   100%        9    #######
 Sublimation of Blood     Necr           Unusable     N/A         2    N/A
 Statue Form              Tmut/Erth      Unusable     N/A         6    N/A

Dungeon Overview and Level Annotations

Branches:
Dungeon (13/15)            Temple (1/1) D:7            Lair (6/6) D:8
 Shoals (0/4) Lair:2        Snake (4/4) Lair:2        Slime (0/5) Lair:6
    Orc (2/2) D:12            Elf (0/3) Orc:2
 Vaults: D:13-14

Altars:
Ashenzari
Cheibriados
Dithmenos
Elyvilon
Fedhas
Gozag
Hepliaklqana
Kikubaaqudgha
Makhleb
Nemelex Xobeh
Okawaru
Qazlal
Ru
Sif Muna
Trog
Uskayaw
Vehumet
Wu Jian
Xom
Yredelemnul
Zin
The Shining One
Jiyva

Shops:
D:7 (   D:12 *   Orc:1 =   Orc:2 !%}[   Snake:2 }=}}   Snake:4 %}!

Portals:
Pandemonium: Orc:2
Bazaar: Snake:3

Annotations:
D:11 1 runed door, bli's ghost, journeyman MfAK
Lair:2 2 transporters, Cuyts's ghost, journeyman DsGl
Lair:4 2 transporters, Caaffuqiox's ghost, journeyman MfGl


Innate Abilities, Weirdness & Mutations

You are resistant to torment.
Your stone body is resilient. (AC +13)
You are immune to poison.
Your large and strong wings let you fly indefinitely.
You resist negative energy. (rN+)
You are resistant to electric shocks. (rElec)
You can survive without breathing.
You are immune to petrification.
You are immune to rotting.


Message History

Welcome back, Kavrick the Gargoyle Fighter.
Okawaru says: Bring me glory in combat!
Press ? for a list of commands and other information.
Done exploring.
Things that are here:
a +0 robe; a +0 battleaxe; a naga corpse
(D) Dungeon (T) Temple (L) Lair (A) Shoals (P) Snake Pit (M) Slime Pits (O) Orcish Mines (E) Elven Halls
Where to? (? - help) You're already here!
(D) Dungeon (T) Temple (L) Lair (A) Shoals (P) Snake Pit (M) Slime Pits (O) Orcish Mines (E) Elven Halls
Where to? (Enter - Snake:4, ? - help)
Okay, then.
Quiver which item? (- for none, * to show all) (? for menu, Esc to quit)
Okay, then.
Okay, then.
Quiver which item? (- for none, * to show all) (? for menu, Esc to quit)
Okay, then.
Are you sure you want to abandon this character and quit the game? (Confirm with "yes".)

###..............................
###........................##....
.#........#................##.)..
#....#.............#...##..##....
#.................##.......##...#
...............#..##..#.#...#.###
......................#.#...#.#.#
.....##...............#.##.##.#..
##...#..........@.....#..#.#..#^.
#....................#..###..#..
#....................#...#...##.
##.................####.###.####
#.####..........###.#.......#.#
#.##..................∩.∩.∩....
#.#...........#[###.#.......#.#
#..........(.###.)####.###.####
##............#)))..#...#...#..


There were no monsters in sight!

Vanquished Creatures
  Vashnia (Snake:2)
  Rupert (D:12)
  8 nagarajas
  A frost giant (D:12)
  Louise (Snake:1)
  A war gargoyle (D:12)
  Snorg (D:11)
  An ettin (D:12)
  Josephine (D:11)
  A catoblepas (Lair:3)
  18 naga warriors
  17 anacondas
  2 hydras
  2 centaur warriors
  2 death knights (D:13)
  9 death yaks (Lair:6)
  2 two-headed ogres
  22 naga sharpshooters
  6 shock serpents
  6 orc high priests
  2 sun demons (Orc:2)
  16 spriggans
  8 salamander mystics
  A torturous demonspawn (Orc:2)
  An unseen horror (D:13)
  2 gelid demonspawn (Orc:2)
  8 naga ritualists
  9 orc knights
  Pikel (D:6)
  7 mana vipers
  9 orc sorcerers
  20 salamanders
  2 ugly things
  4 manticores (D:13)
  A centaur zombie (D:11)
  38 black mambas
  8 elephants
  2 cyclopes
  7 guardian serpents
  A rust devil (Orc:1)
  9 spiny frogs
  20 naga magi
  An orange demon (Orc:2)
  A rime drake (Lair:3)
  An efreet (D:13)
  An ice devil (Orc:1)
  3 freezing wraiths (D:13)
  9 komodo dragons
  A hellwing (Orc:2)
  4 polar bears (Lair:6)
  4 trolls
  Grinder (D:6)
  6 hornets (Lair:6)
  8 blink frogs
  5 slime creatures (D:13)
  8 dream sheep (Lair:6)
  14 hippogriffs
  10 wraiths
  Sigmund (D:5)
  A water elemental (D:13)
  A shadow (D:13)
  2 wyverns
  48 yaks
  A vampire (D:13)
  A human (D:10)
  3 basilisks
  2 steam dragons (D:9)
  A hungry ghost (D:8)
  2 wargs
  Edmund (D:5)
  66 nagas
  15 water moccasins
  20 porcupines
  32 orc warriors
  2 slaves (D:6)
  5 black bears
  7 sky beasts
  An eye of draining (D:13)
  A hornet zombie (D:10)
  12 ice beasts
  A necrophage (D:10)
  3 phantoms
  7 ogres
  3 boggarts (Lair:6)
  28 wolves
  16 crocodiles
  7 centaurs
  2 big kobolds
  15 bullfrogs
  A wyvern zombie (D:13)
  4 scorpions
  12 wights
  9 howler monkeys
  3 electric eels (D:13)
  7 crimson imps
  A bullfrog zombie (D:12)
  2 quasits
  3 jellies
  5 hounds
  22 orc priests
  A gnoll shaman (D:6)
  17 orc wizards
  3 centaur skeletons
  A bullfrog skeleton (D:13)
  4 iguanas
  8 worker ants
  Terence (D:3)
  A killer bee zombie (D:9)
  A worker ant zombie (D:6)
  11 gnolls
  A howler monkey skeleton (D:9)
  12 adders
  6 shadow imps
  An ooze (D:1)
  An adder skeleton (D:8)
  A worm (D:4)
  A dart slug (D:1)
  8 leopard geckos
  69 orcs
  A ball python (D:2)
  6 giant cockroaches
  2 hobgoblins (D:1)
  6 jackals
  17 kobolds
  6 quokkas
  2 bats
  2 frilled lizards
  9 goblins
  A leopard gecko skeleton (D:9)
  A quokka skeleton (D:8)
  3 rats
  A plant (D:8)
937 creatures vanquished.

Vanquished Creatures (others)
  A black mamba (Snake:4)
  A crimson imp (D:13)
  An orc priest (Orc:2)
  An orc wizard (D:6)
  7 fungi (Lair:6)
  11 plants
22 creatures vanquished.

Grand Total: 959 creatures vanquished

Notes
Turn   | Place    | Note
-------+----------+-------------------------------------------
     0 | D:1      | Kavrick the Gargoyle Fighter began the quest for the Orb.
     0 | D:1      | Reached XP level 1. HP: 14/14 MP: 1/1
   140 | D:1      | Reached XP level 2. HP: 19/19 MP: 2/2
   804 | D:2      | Reached XP level 3. HP: 12/23 MP: 3/3
  1110 | D:2      | You fall through a shaft!
  1348 | D:2      | Reached XP level 4. HP: 28/29 MP: 4/4
  1688 | D:3      | Reached XP level 5. HP: 33/33 MP: 5/5
  2113 | D:3      | Noticed Terence
  2123 | D:3      | Killed Terence
  2446 | D:4      | Reached XP level 6. HP: 31/39 MP: 6/6
  3036 | D:5      | Entered Level 5 of the Dungeon
  3036 | D:5      | Noticed Sigmund
  3240 | D:5      | Killed Sigmund
  3240 | D:5      | Reached skill level 5 in Maces & Flails
  3240 | D:5      | Reached XP level 7. HP: 29/44 MP: 7/7
  3402 | D:5      | Noticed a two-headed ogre
  3650 | D:5      | Noticed Edmund
  3673 | D:5      | Killed Edmund
  3673 | D:5      | Reached skill level 5 in Fighting
  3673 | D:5      | Reached skill level 5 in Armour
  3673 | D:5      | Reached skill level 5 in Shields
  4071 | D:5      | Reached XP level 8. HP: 46/49 MP: 8/8
  4699 | D:6      | Noticed Pikel
  4707 | D:6      | Killed Pikel
  4735 | D:6      | Found a hide-covered altar of Uskayaw.
  4761 | D:6      | Reached XP level 9. HP: 39/56 MP: 9/9
  4792 | D:6      | Identified the Incunabulum of Supportive Evil
  4926 | D:6      | Noticed Grinder
  4944 | D:6      | Paralysed by Grinder for 3 turns
  4953 | D:6      | Paralysed by Grinder for 2 turns
  4979 | D:6      | Paralysed by Grinder for 7 turns
  5001 | D:6      | Killed Grinder
  5218 | D:6      | Found a glowing golden altar of the Shining One.
  5221 | D:6      | Found a glowing silver altar of Zin.
  5223 | D:6      | Found a white marble altar of Elyvilon.
  5466 | D:7      | Found a staircase to the Ecumenical Temple.
  5591 | Temple   | Entered the Ecumenical Temple
  5717 | Temple   | Became a worshipper of Warmaster Okawaru
  5785 | D:7      | Found Purod's Weapon Boutique.
  6106 | D:7      | Found a radiant altar of Vehumet.
  6275 | D:8      | Reached XP level 10. HP: 46/63 MP: 10/10
  6381 | D:8      | Reached * piety under Okawaru
  6560 | D:8      | Reached ** piety under Okawaru
  6809 | D:8      | Found a stormy altar of Qazlal.
  7330 | D:8      | Found a staircase to the Lair.
  7342 | D:8      | Reached skill level 10 in Maces & Flails
  7578 | Lair:1   | Entered Level 1 of the Lair of Beasts
  7782 | Lair:1   | Reached *** piety under Okawaru
  7862 | Lair:1   | Found an ancient bone altar of Kikubaaqudgha.
  7879 | Lair:1   | Reached XP level 11. HP: 50/69 MP: 11/11
  8051 | Lair:1   | Reached **** piety under Okawaru
  8332 | Lair:1   | Reached ***** piety under Okawaru
  8566 | Lair:2   | Found a transporter.
  8566 | Lair:2   | Found a transporter.
  8571 | Lair:2   | Noticed a moth of wrath
  8573 | Lair:2   | Identified the +11 trident of Xohiopto {antimagic, Str-2
                  | Int+4}
  8573 | Lair:2   | Noticed a spriggan rider
  8608 | Lair:2   | Got a transparent pewter ring
  8651 | Lair:2   | Identified the +4 war axe "Gesoe" {antimagic, rN+ Stlth+}
  8651 | Lair:2   | Noticed a spriggan berserker
  8669 | Lair:2   | Found a staircase to the Snake Pit.
  8700 | Lair:2   | Found a staircase to the Shoals.
  8708 | Lair:2   | Noticed Cuyts's ghost (journeyman DsGl)
  8715 | Lair:2   | Found a bloodstained altar of Trog.
  8806 | Lair:2   | Received a gift from Okawaru
  9335 | Lair:2   | Reached XP level 12. HP: 64/77 MP: 12/12
  9587 | Lair:3   | Reached skill level 10 in Fighting
  9587 | Lair:3   | Reached skill level 10 in Shields
  9596 | Lair:3   | Reached skill level 10 in Armour
 10463 | Lair:3   | Noticed a five-headed hydra
 10479 | Lair:3   | Killed a five-headed hydra
 10621 | Lair:3   | Noticed a catoblepas
 10642 | Lair:3   | Killed a catoblepas
 11436 | Lair:4   | Found a transporter.
 11442 | Lair:4   | Identified the +4 spear of Doom {pierce, rF+ MR+ Int-2}
 11442 | Lair:4   | Noticed a spriggan rider
 11465 | Lair:4   | Found a transporter.
 11467 | Lair:4   | You fall through a shaft!
 11869 | Lair:5   | Identified the ring "Faeloi" {rPois rN+ Str-3 SInv Stlth+}
                  | (You found it on level 2 of the Lair of Beasts)
 12151 | Lair:5   | Noticed a four-headed hydra
 12179 | Lair:5   | Killed a four-headed hydra
 12267 | Lair:3   | Reached XP level 13. HP: 30/84 MP: 8/13
 12619 | Lair:4   | Reached ****** piety under Okawaru
 12779 | Lair:4   | Noticed Caaffuqiox's ghost (journeyman MfGl)
 12789 | Lair:4   | Found a bloodstained altar of Trog.
 12997 | Lair:6   | Entered Level 6 of the Lair of Beasts
 13043 | Lair:6   | Found a frozen archway.
 13103 | Lair:6   | Found a staircase to the Slime Pits.
 13105 | Lair:6   | Found a viscous altar of Jiyva.
 13519 | Lair:6   | Reached skill level 1 in Invocations
 13559 | Lair:6   | Received a gift from Okawaru
 13560 | Lair:6   | Found the +3 robe of Clouds {+Thunder rCloud rElec}
 14461 | Lair:6   | Gained mutation: Your large and strong wings let you fly
                  | indefinitely. [Gargoyle growth]
 14461 | Lair:6   | Reached XP level 14. HP: 79/92 MP: 16/16
 14649 | Lair:6   | Received a gift from Okawaru
 15644 | D:9      | Found a radiant altar of Vehumet.
 15733 | D:9      | Found a snail-covered altar of Cheibriados.
 16052 | D:9      | Found a sparkling altar of Nemelex Xobeh.
 16054 | D:9      | Found a stormy altar of Qazlal.
 16530 | D:9      | Found a shadowy altar of Dithmenos.
 16808 | D:10     | Entered Level 10 of the Dungeon
 17542 | D:11     | Found a runed door.
 17542 | D:11     | Found a shimmering altar of Xom.
 17542 | D:11     | Noticed bli's ghost (journeyman MfAK)
 17709 | D:11     | Noticed Josephine
 17727 | D:11     | Killed Josephine
 18017 | D:11     | Noticed Snorg
 18035 | D:11     | Killed Snorg
 18571 | D:12     | Found a staircase to the Orcish Mines.
 18612 | D:12     | Found a flagged portal.
 18627 | Bailey   | Entered a bailey
 18929 | Bailey   | Identified a +1 pair of boots of running (You found it in a
                  | bailey)
 19572 | D:12     | Found Eqonun's General Store.
 19628 | D:12     | Received a gift from Okawaru
 19629 | D:12     | Found the +7 Kryia's mail coat {PotionHeal*2 rC+}
 19678 | D:12     | Noticed a war gargoyle
 19788 | D:12     | Noticed a frost giant
 19808 | D:12     | Killed a frost giant
 20346 | D:12     | Noticed Rupert
 20346 | D:12     | Paralysed by Rupert for 6 turns
 20377 | D:12     | Killed Rupert
 20377 | D:12     | Reached XP level 15. HP: 84/100 MP: 17/17
 20683 | D:12     | Identified a scroll of acquirement
 20686 | D:12     | Got a twitching ivory ring
 20688 | D:12     | Identified the ring "Caschott" {+Inv rN+ Dex+6} (You
                  | acquired it on level 12 of the Dungeon)
 21131 | D:13     | Reached skill level 1 in Dodging
 21880 | D:13     | Received a gift from Okawaru
 21883 | D:13     | Got a dazzling ring mail {god gift}
 21899 | D:13     | Identified the +1 ring mail "Muphiff" {rF+} (Okawaru gifted
                  | it to you on level 13 of the Dungeon)
 22082 | D:13     | Got a shimmering flail
 22083 | D:13     | Identified the cursed +2 flail of the Open Hand {flame,
                  | rPois rC- Str-2 Int+8} (You found it on level 13 of the
                  | Dungeon)
 22849 | Orc:1    | Entered Level 1 of the Orcish Mines
 23136 | Orc:1    | Found Cebass's Jewellery Boutique.
 23141 | Orc:1    | Bought the ring "Nabrixan" {rN+ Str+3 Dex+5} for 481 gold
                  | pieces
 23141 | Orc:1    | Bought an uncursed amulet of regeneration for 330 gold
                  | pieces
 23401 | Orc:2    | Entered Level 2 of the Orcish Mines
 23514 | Orc:2    | Found a staircase to the Elven Halls.
 24111 | Orc:2    | Found Webruopp's Food Shoppe.
 24113 | Orc:2    | Found Igyeckua's Distillery.
 24463 | Orc:2    | Bought a potion of curing for 30 gold pieces
 24463 | Orc:2    | Bought a potion of heal wounds for 50 gold pieces
 24463 | Orc:2    | Bought a potion of might for 40 gold pieces
 24952 | Orc:2    | Received a gift from Okawaru
 25038 | Orc:2    | Found Xudomialan's Gadget Shop.
 25038 | Orc:2    | Found a one-way gate leading to the halls of Pandemonium.
 25038 | Orc:2    | Found Moacups's Antique Armour Boutique.
 25378 | Snake:1  | Entered Level 1 of the Snake Pit
 25411 | Snake:1  | Reached XP level 16. HP: 107/107 MP: 18/18
 25789 | Snake:1  | Noticed Louise
 25796 | Snake:1  | Received a gift from Okawaru
 25796 | Snake:1  | Reached skill level 15 in Fighting
 25796 | Snake:1  | Reached skill level 15 in Shields
 25803 | Snake:1  | Reached skill level 15 in Armour
 25898 | Snake:1  | Reached skill level 5 in Invocations
 25920 | Snake:1  | Killed Louise
 26170 | Snake:1  | Reached skill level 5 in Dodging
 26719 | Snake:2  | Found Buruc's Gadget Shop.
 26733 | Snake:2  | Received a gift from Okawaru
 26872 | Snake:2  | You fall through a shaft!
 26890 | Snake:3  | Noticed a nagaraja
 26897 | Snake:3  | Killed a nagaraja
 27003 | Snake:3  | Noticed a nagaraja
 27030 | Snake:3  | Killed a nagaraja
 27030 | Snake:3  | Received a gift from Okawaru
 27041 | Snake:3  | Reached XP level 17. HP: 76/114 MP: 20/20
 27343 | Snake:2  | Noticed Vashnia
 27570 | Snake:2  | Killed Vashnia
 27623 | Snake:2  | Found Estoh's Gadget Shoppe.
 27645 | Snake:2  | Reached skill level 15 in Maces & Flails
 27669 | Snake:2  | Found Asapnira's Gadget Shoppe.
 27669 | Snake:2  | Found Majov's Jewellery Shop.
 27677 | Snake:2  | Bought the amulet "Tautz" {+Inv rElec rF+ Regen+ Str+4} for
                  | 796 gold pieces
 27718 | Snake:2  | Received a gift from Okawaru
 28382 | Snake:3  | Found a gateway to a bazaar.
 28436 | Snake:4  | Entered Level 4 of the Snake Pit
 28662 | Snake:4  | Found Dyutaps's Distillery.
 28669 | Snake:4  | Found Refeko's Gadget Shop.
 28671 | Snake:4  | Found Biv Juiman's Food Boutique.
 29157 | Snake:4  | Received a gift from Okawaru
 29330 | Snake:4  | Reached XP level 18. HP: 95/122 MP: 21/21
 29756 | Snake:4  | Got a serpentine rune of Zot
 30215 | Snake:4  | Quit the game

Vault maps used:
D:1:      wander_arrival_peaceful_grave
D:2:      minmay_alternating_diamond, first_ration
D:3:      gup_sewer_entry_pipe, uniq_terence
D:5:      minmay_opposing_rooms, lemuel_another_geyser, uniq_sigmund,
          uniq_edmund
D:6:      good_gods_temple_1, eat_drink_and_be_merry_uskayaw, uniq_pikel,
          uniq_grinder
D:7:      vehumet_crystals, minmay_temple_entry_wispy, serial_shops, shop_coins
D:8:      wad_woods_stonehenge, grunt_lair_entry_orc_guard_hut
D:9:      cheibriados_altar_1, nicolae_dithmenos_through_a_glass_darkly,
          gammafunk_temple_overflow_statue, vehumet_altar_wand_db
D:10:     hangedman_stone_soup, minmay_misc_feat_square
D:11:     ebering_ghost_xom, uniq_josephine, uniq_snorg
D:12:     minmay_glassy_protrusions, orc_0_dummy, enter_bailey_3, serial_shops,
          nicolae_shop_statue_plus, drop_trap, uniq_rupert
Temple:   dshaligram_water_room_temple
Lair:1:   basic_altar
Lair:2:   minmay_shoals_entry_centaurs, guppyfry_snake_entry_garden,
          gammafunk_ghost_wrathful_warriors, nicolae_quartered_pool_super
Lair:3:   beast_lair_carwin_11, grunt_megastairs_1
Lair:4:   gammafunk_ghost_wrathful_warriors, lemuel_fruit_tree
Lair:5:   minmay_hedge_maze, patterned_corridor, serial_bayou_shore_b
Lair:6:   minmay_lair_end_enchanted_forest, slime_altar_1,
          portal_ice_cave_entry_ice_beasts, grunt_megastairs_4
Snake:1:  uniq_louise
Snake:2:  serial_shops, nicolae_shop_crystal, minmay_shop_grove, uniq_vashnia
Snake:3:  serial_shops, bzr_entry_road, st_stairs_4
Snake:4:  johnstein_snake_rune_scales, grunt_ministairs_6, serial_bayou_shore_b,
          serial_bayou_shore_b, minmay_shop_star
Orc:1:    serial_shops, shop
Orc:2:    pf_orc_diabolical
Bailey:   bailey_polearm_1, bailey

Skill      XL: |  1  2  3  4  5  6  7  8  9 10 11 12 13 14 15 16 17 18 |
---------------+-------------------------------------------------------+-----
Maces & Flails | 3 4 5 7 9 10 12 13 14 15 | 15.7
Fighting       | 4 5 6 7 8 9 11 12 13 14 15 16 17 | 17.0
Armour         | 4 5 6 7 8 9 10 12 13 14 15 16 17 | 17.0
Shields        | 4 5 6 7 8 9 11 12 13 14 15 | 15.0
Invocations    | 3 5 |  5.0
Dodging        | 3 6 8 |  8.5

Action                   |  1- 3 |  4- 6 |  7- 9 | 10-12 | 13-15 | 16-18 || total
-------------------------+-------+-------+-------+-------+-------+-------++-------
Melee: Flail             |   123 |   218 |    21 |       |       |       ||   362
       Dire flail        |       |       |   265 |   612 |       |       ||   877
       Morningstar       |       |       |       |    37 |   546 |       ||   583
       Demon whip        |       |       |       |       |  1590 |   183 ||  1773
       Eveningstar       |       |       |       |       |       |  1098 ||  1098
Invok: Heroism           |       |       |       |     3 |    12 |     4 ||    19
       Finesse           |       |       |       |     1 |     1 |     4 ||     6
 Abil: Fly               |       |       |       |       |     2 |       ||     2
       Stop Flying       |       |       |       |       |     2 |       ||     2
  Use: Scroll            |       |    11 |       |     9 |    13 |       ||    33
       Potion            |       |     1 |       |     1 |     5 |     3 ||    10
  Eat: Chunk             |     2 |     6 |    10 |    18 |    42 |    14 ||    92
       Ration            |       |       |       |     1 |       |     1 ||     2
Armor: Plate armour      |    86 |   155 |   199 |   413 |   431 |       ||  1284
       Scale mail        |     7 |       |       |       |       |       ||     7
       Ice dragon scales |       |       |       |       |    37 |       ||    37
       Chain mail        |       |       |       |       |   221 |   598 ||   819
       Skin              |       |       |       |       |     1 |       ||     1
Dodge: Dodged            |    27 |    42 |    88 |   196 |   318 |   538 ||  1209
Block: Shield            |    78 |   125 |     8 |    40 |  1092 |  1233 ||  2576

Table legend:
 A = Non-vault XP
 B = Vault XP
 C = Vault XP percentage of total XP
 D = Non-vault monster count
 E = Vault monster count
 F = Vault count percentage of total count
                 A         B        C        D         E       F
            +---------+---------+-------+---------+---------+-------
      Total |  163295 |  106578 |  39.5 |     640 |     295 |  31.6
            +---------+---------+-------+---------+---------+-------
        D:1 |      26 |       0 |   0.0 |      12 |       0 |   0.0
        D:2 |     113 |       0 |   0.0 |      15 |       0 |   0.0
        D:3 |      98 |      57 |  36.8 |      13 |       9 |  40.9
        D:4 |     199 |       0 |   0.0 |      13 |       0 |   0.0
        D:5 |     287 |     508 |  63.9 |       6 |       5 |  45.5
        D:6 |     995 |     906 |  47.7 |      29 |       2 |   6.5
        D:7 |    1360 |     107 |   7.3 |      26 |       1 |   3.7
        D:8 |    1455 |    1294 |  47.1 |      32 |      10 |  23.8
        D:9 |    3114 |       1 |   0.0 |      38 |       1 |   2.6
       D:10 |    1599 |     586 |  26.8 |      18 |       4 |  18.2
       D:11 |    1807 |    4256 |  70.2 |      21 |       8 |  27.6
       D:12 |    3927 |    7584 |  65.9 |      22 |       9 |  29.0
       D:13 |   15188 |       0 |   0.0 |      59 |       0 |   0.0
     Lair:1 |    5731 |       0 |   0.0 |      29 |       0 |   0.0
     Lair:2 |    4753 |     810 |  14.6 |      19 |       6 |  24.0
     Lair:3 |    6163 |    3496 |  36.2 |      24 |      12 |  33.3
     Lair:4 |    3568 |       0 |   0.0 |      17 |       0 |   0.0
     Lair:5 |    3391 |       0 |   0.0 |      11 |       0 |   0.0
     Lair:6 |   11291 |   17216 |  60.4 |      37 |      69 |  65.1
    Snake:1 |   23468 |    1629 |   6.5 |      43 |       1 |   2.3
    Snake:2 |   26103 |    9056 |  25.8 |      46 |       6 |  11.5
    Snake:3 |   24454 |    8898 |  26.7 |      43 |      12 |  21.8
    Snake:4 |   17880 |   29739 |  62.5 |      32 |      57 |  64.0
      Orc:1 |    4286 |    1893 |  30.6 |      22 |       8 |  26.7
      Orc:2 |    2039 |   16234 |  88.8 |      13 |      55 |  80.9
     Bailey |       0 |    2308 | 100.0 |       0 |      20 | 100.0
            +---------+---------+-------+---------+---------+-------
